 Dungeon Crawl Stone Soup version 0.25-a0-287-g56a5b49892 (webtiles) character file.

Game seed: 7543637430137727142, levelgen mode: deterministic

14 D1HalberdGnoll the Insei (level 2, -2/21 HPs)
             Began as a Merfolk Transmuter on Dec 12, 2019.
             Slain by a kobold
             ... wielding a +0 short sword
              (6 damage)
             ... on level 1 of the Dungeon.
             The game lasted 00:00:37 (214 turns).

D1HalberdGnoll the Insei (Merfolk Transmuter)        Turns: 214, Time: 00:00:37

Health: -2/21      AC:  2    Str: 10    XL:     2   Next: 45%
Magic:  4/5        EV: 13    Int: 12    God:
Gold:   33         SH:  0    Dex: 14    Spells: 4/5 levels left

rFire    . . .     SeeInvis .     - Unarmed
rCold    . . .     Gourm    .   (no shield)
rNeg     . . .     Faith    .   b - +0 robe
rPois    .         Spirit   .   (no helmet)
rElec    .         Reflect  .   (no cloak)
rCorr    .         Harm     .   (no gloves)
MR       .....                  (no boots)
Stlth    +.........             (no amulet)
HPRegen  0.07/turn              (no ring)
MPRegen  0.09/turn              (no ring)

@: appendage
A: change form in water, swift swim, stealthy swim, horns 2
a: End Transformation


You were on level 1 of the Dungeon.
You were not hungry.
You had grown temporary horns.
You visited 1 branch of the dungeon, and saw 1 of its levels.

You collected 33 gold pieces.

Inventory:

Missiles
 a - 12 arrows
Armour
 b - a +0 robe (worn)
Comestibles
 c - 7 chunks of flesh
 d - 3 rations


   Skills:
 + Level 1.3 Fighting
 + Level 3.0 Dodging
 * Level 3.5 Unarmed Combat
 + Level 2.1 Spellcasting
 + Level 3.0 Transmutations


You had 4 spell levels left.
You knew the following spells:

 Your Spells              Type           Power        Failure   Level  Hunger
a - Beastly Appendage     Tmut           #.....       8%          1    ##.....

Your spell library contained the following spells:

 Spells                   Type           Power        Failure   Level  Hunger
 Sticks to Snakes         Tmut           #.......     12%         2    ###....
 Spider Form              Tmut/Pois      #.........   41%         3    ####...
 Ice Form                 Ice/Tmut       #.......     82%         4    #####..
 Blade Hands              Tmut           #.........   91%         5    ######.


Dungeon Overview and Level Annotations

Branches:
Dungeon (1/15)

Altars:


Innate Abilities, Weirdness & Mutations

You revert to your normal form in water.
You are very nimble and swift while swimming.
You are very stealthy in the water. (Stealth+)
You have a pair of horns on your head.


Message History

The bat misses you.
You closely miss the bat. The bat misses you.
You closely miss the kobold. The kobold misses you.
You closely miss the kobold. The kobold misses you.
Casting: Beastly Appendage (safe; 8% risk of failure)
Confirm with . or Enter, or press ? or * to list all spells.
You grow a pair of large bovine horns.
The kobold hits you with a +0 short sword.
* * * LOW HITPOINT WARNING * * *
The kobold hits you but does no damage.
You aren't carrying any potions.
You aren't carrying any items that you can evoke.
Unknown command.
You barely miss the kobold. Your headbutt misses the kobold.
The kobold misses you.
You closely miss the kobold. You closely miss the kobold.
You headbutt the kobold.
The kobold is heavily wounded.
The kobold hits you with a +0 short sword.
You die...

..........#######
.................
.................
.[.......)....... ..
.........)....... ...
######.#......... ....
#.....#.........
....###..).##.........
......†...bK@.........
....#.....r##.........
# ##......##.........
#.....####.........
#.....# #.........
#.....# #.########
.........# #.#
.####....# #.# #....#
#.#


You could see a bat, a kobold and a rat.

Vanquished Creatures
  A dart slug (D:1)
  2 bats (D:1)
  2 giant cockroaches (D:1)
  3 goblins (D:1)
  A hobgoblin (D:1)
  2 rats (D:1)
11 creatures vanquished.

Notes
Turn   | Place    | Note
-------+----------+-------------------------------------------
     0 | D:1      | D1HalberdGnoll the Merfolk Transmuter began the quest for
                  | the Orb.
     0 | D:1      | Reached XP level 1. HP: 15/15 MP: 3/3
   105 | D:1      | Reached XP level 2. HP: 21/21 MP: 3/5
   214 | D:1      | Slain by a kobold

Levels and vault maps discovered:
D:1:      ebering_hopf_link, layout_basic, minmay_crystal_water,
          minmay_pentomino_s4

Skill      XL: |  1  2 |
---------------+-------+-----
Transmutations | 3 |  3.0
Dodging        | 3 |  3.0
Fighting       | |  1.3
Unarmed Combat | |  3.5
Spellcasting   | |  2.1

Action                   || total
-------------------------++-------
Melee: Unarmed           ||    41
       Headbutt          ||     2
       Punch             ||     1
 Cast: Beastly Appendage ||     8
 Stab: Sleeping          ||     1
Armor: Robe              ||    15
Dodge: Dodged            ||    43

Table legend:
 A = Non-vault XP
 B = Vault XP
 C = Vault XP percentage of total XP
 D = Non-vault monster count
 E = Vault monster count
 F = Vault count percentage of total count
                 A         B        C        D         E       F
            +---------+---------+-------+---------+---------+-------
      Total |      21 |       0 |   0.0 |      11 |       0 |   0.0
            +---------+---------+-------+---------+---------+-------
        D:1 |      21 |       0 |   0.0 |      11 |       0 |   0.0
            +---------+---------+-------+---------+---------+-------
